AoeStats
← posteau.w

Arena

505256886Analyzed
2v2 RM · 23d ago on Sep 8, 2026· 42m 53s· 4 players
Game mode
Random Map
Map size
Medium (4 player)
Population
200
Speed
Normal
Resources
Standard
Victory
Conquest
Starting age
Dark Age
Ending age
Imperial Age
RankedLock teamsTeams togetherTeam positionsShared explorationLock speedFull tech treeHidden civsTurbo modeCheats
Victory
Defeat
🇮🇳 Magyars · India
747
+19
🇮🇳 Goths · India
733
+31
🇨🇳 Wei · China
768
-17
🇧🇪 Persians · Belgium
728
-16
Ujj013
11:06 Feudal Age
16:05 Castle Age
13:58 Double-Bit Axe
13:56 Horse Collar
17:32 Bow Saw
19:49 Heavy Plow
25:23 Wheelbarrow
27:13 Fletching
27:23 Stone Mining
27:24 Gold Mining
29:28 Hand Cart
29:23 Corvinian Army
31:53 Bodkin Arrow
32:22 Ballistics
32:11 Thumb Ring
35:18 Imperial Age
32:35 Loom
36:11 Bracer
36:12 Padded Archer Armor
36:18 Scale Barding Armor
37:19 Chemistry
36:57 Conscription
36:39 Recurve Bow
36:31 Elite Magyar Huszar
37:29 Bloodlines
37:20 Husbandry
37:49 Elite Skirmisher
39:44 Leather Archer Armor
39:49 Chain Barding Armor
39:37 Pikeman
Vansh2218
11:27 Feudal Age
16:28 Castle Age
14:42 Double-Bit Axe
14:39 Horse Collar
20:11 Bow Saw
24:47 Heavy Plow
25:24 Stone Mining
25:39 Scale Mail Armor
27:58 Wheelbarrow
27:06 Pikeman
27:46 Squires
33:17 Imperial Age
31:46 Chain Mail Armor
31:41 Forging
32:16 Anarchy
33:56 Hand Cart
33:29 Elite Huskarl
33:37 Capped Ram
33:49 Halberdier
38:12 Perfusion
38:35 Conscription
41:02 Chemistry
43:38 Two-Man Saw
posteau.w
7:12 Loom
11:04 Feudal Age
14:55 Castle Age
13:10 Double-Bit Axe
14:54 Stone Mining
16:37 Bow Saw
19:50 Horse Collar
21:34 Heavy Plow
22:37 Gold Mining
24:04 Wheelbarrow
25:13 Gold Shaft Mining
25:39 Hand Cart
27:06 Stone Shaft Mining
31:40 Imperial Age
30:18 Squires
30:33 Forging
30:28 Scale Barding Armor
30:24 Padded Archer Armor
30:14 Fletching
31:03 Pikeman
33:30 Two-Man Saw
33:06 Crop Rotation
33:49 Conscription
33:40 Kamandaran
35:05 Elite War Elephant
36:49 Husbandry
37:00 Bloodlines
36:29 Cavalier
36:38 Crossbowman
37:25 Thumb Ring
37:25 Man-at-Arms
40:07 Iron Casting
39:53 Chain Barding Armor
39:24 Fletching
39:49 Leather Archer Armor
39:34 Scale Mail Armor
39:05 Long Swordsman
42:32 Blast Furnace
41:42 Halberdier
972825009
12:11 Feudal Age
12:52 Horse Collar
13:15 Double-Bit Axe
18:10 Castle Age
19:26 Wheelbarrow
19:24 Heavy Plow
20:16 Bow Saw
20:21 Gold Mining
20:53 Fletching
22:37 Stone Mining
26:29 Hand Cart
26:35 Hand Cart
27:26 Treadmill Crane
28:03 Scale Barding Armor
28:18 Loom
28:52 Tuntian
31:31 Imperial Age
30:20 Bodkin Arrow
30:36 Scale Barding Armor
31:23 Ballistics
31:23 Tuntian
32:08 Gold Shaft Mining
32:47 Forging
32:59 Chain Barding Armor
33:21 Parthian Tactics
33:39 Padded Archer Armor
34:09 Thumb Ring
35:50 Chemistry
35:50 Bracer
37:06 Leather Archer Armor
36:36 Elite Tiger Cavalry
40:02 Elite Skirmisher
Connection lost

Rejoining the realm…

Still unreachable

The connection could not be restored.

Session expired

The server has moved on; the page needs a fresh start.